 Dungeon Crawl Stone Soup version 0.30-a0-802-gb92711bcdf (webtiles) character file.

Game seed: 13241125264417118130

2866 Newt the Grappler (level 9, -2/65 HPs)
             Began as a Demonspawn Gladiator on Feb 24, 2023.
             Was a Believer of Lugonu.
             Succumbed to a killer bee's poison
             ... on level 7 of the Dungeon.
             The game lasted 00:07:47 (7935 turns).

Newt the Grappler (Demonspawn Gladiator)            Turns: 7935, Time: 00:07:48

Health: -2/65      AC:  7    Str: 20    XL:     9   Next: 47%
Magic:  9/9        EV: 12    Int:  9    God:    Lugonu [**....]
Gold:   347        SH:  5    Dex: 14    Spells: 8/8 levels left

rFire   . . .      SeeInvis .    l - +2 mace (protect)
rCold   . . .      Faith    .    (no shield)
rNeg    . . .      Spirit   .    b - +0 leather armour
rPois   .          Reflect  +    c - +1 helmet
rElec   .          Harm     .    q - +0 cloak
rCorr   +          Rampage  .    (no gloves)
Will    .....                    (no boots)
Stlth   ++                       t - amulet of reflection
HPRegen 0.30/turn                k - ring of flight
MPRegen 0.11/turn                x - ring of resist corrosion

@: lethally poisoned (-2 -> -17), flying
A: claws 2, foul stench 3, sharp scales 1
a: Renounce Religion, Depart the Abyss, Banish


You were on level 7 of the Dungeon.
You worshipped Lugonu.
Lugonu was pleased with you.
You visited 1 branch of the dungeon, and saw 7 of its levels.
You visited the Abyss 1 time.

You collected 983 gold pieces.
You spent 636 gold pieces at shops.

Inventory:

Hand Weapons
 a - a +0 rapier
 l - a +2 mace of protection (weapon)
 z - a +3 battleaxe
Missiles
 g - 23 poisoned darts (quivered)
Armour
 b - a +0 leather armour (worn)
 c - a +1 helmet (worn)
 q - a +0 cloak (worn)
Jewellery
 k - a ring of flight (left claw)
 t - an amulet of reflection (around neck)
 u - a ring of fire
 w - a ring of ice
 x - a ring of resist corrosion (right claw)
Wands
 y - a wand of acid (11)
Scrolls
 e - a scroll of fear
 f - 3 scrolls of teleportation
 h - 3 scrolls of fog
 p - 2 scrolls of amnesia
 s - 2 scrolls of blinking
 v - a scroll of magic mapping
 A - a scroll of silence {unknown}
 B - a scroll of identify
Potions
 i - 3 potions of lignification
 j - 3 potions of brilliance
 m - a potion of might
 n - a potion of flight
 o - 2 potions of heal wounds
 r - 2 potions of invisibility


   Skills:
 - Level 4.0 Fighting
 - Level 2.6 Short Blades
 - Level 6.0 Maces & Flails
 - Level 1.7 Throwing
 - Level 2.6 Dodging
 - Level 1.5 Stealth
 + Level 9.7 Unarmed Combat


You had 8 spell levels left.
You didn't know any spells.
Your spell library contained the following spells:

 Spells                   Type           Power      Damage    Failure   Level
 Beastly Appendage        Tmut           0%         N/A       43%         1
 Magic Dart               Conj           0%         1d3       43%         1
 Sting                    Tmut/Pois      0%         1d3       43%         1
 Lesser Beckoning         Tloc           0%         N/A       58%         2
 Poisonous Vapours        Pois/Air       0%         N/A       58%         2
 Wereblood                Tmut           0%         N/A       58%         2
 Gell's Gravitas          Tloc           0%         N/A       82%         3
 Spider Form              Tmut/Pois      0%         N/A       82%         3
 Teleport Other           Tloc           0%         N/A       82%         3
 Olgreb's Toxic Radiance  Pois           0%         N/A       99%         4
 Iskenderun's Battlesphe  Conj           0%         2d6       100%        5
 Iron Shot                Conj/Erth      0%         9d1       100%        6
 Spellforged Servitor     Conj/Summ      0%         N/A       100%        7


Dungeon Overview and Level Annotations

Branches:
Dungeon (7/15)             Temple (0/1) D:5

Altars:
Gozag
Kikubaaqudgha
Makhleb
Okawaru
Qazlal
Ru
Sif Muna
Vehumet
Yredelemnul

Shops:
D:3 **=


Innate Abilities, Weirdness & Mutations

You have very sharp fingernails.
You frequently emit foul miasma when damaged in melee.
You are partially covered in razor-sharp scales. (AC +1, Slay +1)


Message History

You feel very sick.
The killer bee is no longer moving slowly.
The killer bee barely misses you.
The killer bee stings you but does no damage.
Throw: 2 throwing nets
Press: ? - help, Q - select action, (/) - cycle Shift-Dir - straight line, f - killer bee
Aim: a killer bee (34% to hit)
You throw a throwing net. The throwing net misses the killer bee.
The throwing net closely misses the killer bee.
You feel very sick. The killer bee stings you.
* * * LOW HITPOINT WARNING * * *
You emit a cloud of foul miasma!
The killer bee is engulfed in dark miasma.
The killer bee is poisoned.
You block the killer bee's attack.
Throw: throwing net
Press: ? - help, Q - select action, (/) - cycle Shift-Dir - straight line, f/p - killer bee
Aim: a killer bee (foul pestilence, poisoned, 34% to hit)
You throw a throwing net. The throwing net misses the killer bee.
The throwing net hits the killer bee.
The killer bee is caught in the net!
The killer bee is severely wounded.
You feel sick.
The killer bee struggles against the net. x2
The net rips apart, and the killer bee comes free!
The killer bee is engulfed in dark miasma.
The killer bee looks even sicker.
The killer bee stings you!
* * * LOW HITPOINT WARNING * * *
The killer bee is engulfed in dark miasma.
The killer bee looks even sicker.
The killer bee closely misses you.
* * * LOW HITPOINT WARNING * * *
You feel very sick.
The killer bee is engulfed in dark miasma.
The killer bee looks as sick as possible!
The killer bee seems to slow down.
The killer bee stings you!
* * * LOW HITPOINT WARNING * * *
You are more poisoned.
The killer bee poisons you! Gozag petitions for your drink to fail.
You die...

######## #######
###......##########†.....#
..'......'......@yy.....(.
###......##########☼.....#
#......# ......# #......#
......# #......# ......#
#......# ......# #......#
......# ######## ......#


You could see 2 killer bees.

Vanquished Creatures
  A boulder beetle (D:7)
  Prince Ribbit (D:5)
  A wyvern (D:7)
  A water moccasin (D:7)
  An orc warrior (D:7)
  A sky beast (D:6)
  3 ice beasts
  An ogre (D:5)
  A centaur (D:5)
  A phantom (D:6)
  2 kobold brigands (D:6)
  A small abomination (Abyss:1)
  A scorpion (D:5)
  4 wights (D:6)
  A killer bee (D:7)
  2 howler monkeys (D:5)
  2 hounds
  A gnoll bouda (D:5)
  2 orc priests
  3 iguanas (D:5)
  6 orc wizards
  An adder (D:5)
  7 gnolls
  A white imp (D:5)
  An ufetubus (D:4)
  A worm (D:4)
  A dart slug (D:2)
  16 orcs
  9 ball pythons
  4 endoplasms
  6 hobgoblins
  2 jackals (D:2)
  16 kobolds
  5 quokkas
  4 bats
  2 frilled lizards
  6 goblins
  5 rats
124 creatures vanquished.

Vanquished Creatures (others)
  5 plants (D:1)
5 creatures vanquished.

Grand Total: 129 creatures vanquished

Notes
Turn   | Place    | Note
-------+----------+-------------------------------------------
     0 | D:1      | Newt the Demonspawn Gladiator began the quest for the Orb.
     0 | D:1      | Reached XP level 1. HP: 16/16 MP: 1/1
   137 | D:1      | Reached skill level 1 in Stealth
   224 | D:1      | Gained mutation: You have sharp fingernails. [demonic
                  | ancestry]
   224 | D:1      | Reached XP level 2. HP: 22/22 MP: 2/2
   226 | D:1      | Found a faded altar of an unknown god.
   243 | D:1      | Prayed at the altar of an unknown god.
   243 | D:1      | Became a worshipper of Gozag Ym Sagoz the Greedy
  1002 | D:2      | You fall into a shaft and drop 2 floors!
  1234 | D:3      | Found Modgheoda's Jewellery Shoppe.
  1360 | D:2      | Gained mutation: You may rarely emit foul miasma when
                  | damaged in melee. [demonic ancestry]
  1360 | D:2      | Reached XP level 3. HP: 28/29 MP: 3/3
  1901 | D:2      | Found an iron altar of Okawaru.
  1946 | D:2      | Reached XP level 4. HP: 37/37 MP: 4/4
  2617 | D:3      | Reached skill level 1 in Maces & Flails
  2717 | D:3      | Found Iblots's Assorted Antiques.
  2725 | D:3      | Bought a scroll of identify for 42 gold pieces
  2725 | D:3      | Bought a fuming sapphire potion for 18 gold pieces
  2725 | D:3      | Bought a clear potion for 18 gold pieces
  2725 | D:3      | Bought a fuming sapphire potion for 18 gold pieces
  2886 | D:3      | Found Tepragg's Assorted Antiques.
  2892 | D:3      | Bought a bronze ring for 150 gold pieces
  3620 | D:4      | Gained mutation: You are partially covered in razor-sharp
                  | scales. (AC +1, Slay +1) [demonic ancestry]
  3620 | D:4      | Reached XP level 5. HP: 36/42 MP: 5/5
  3812 | D:5      | Entered Level 5 of the Dungeon
  3831 | D:5      | Noticed an ogre
  3837 | D:5      | Killed an ogre
  4052 | D:5      | Found a staircase to the Ecumenical Temple.
  4154 | D:3      | Bought an amulet of reflection for 390 gold pieces
  4276 | D:5      | Noticed an ice beast
  4283 | D:5      | Gained mutation: You have very sharp fingernails. [demonic
                  | ancestry]
  4283 | D:5      | Reached XP level 6. HP: 48/48 MP: 6/6
  4294 | D:5      | Killed an ice beast
  4302 | D:5      | Reached skill level 5 in Maces & Flails
  4684 | D:5      | Gained mutation: You sometimes emit foul miasma when
                  | damaged in melee. [demonic ancestry]
  4684 | D:5      | Reached XP level 7. HP: 46/54 MP: 7/7
  4960 | D:5      | Reached skill level 1 in Unarmed Combat
  4983 | D:5      | Found a radiant altar of Vehumet.
  4990 | D:5      | Got Vehumet's Essays on Power
  4992 | D:5      | Found an ancient bone altar of Kikubaaqudgha.
  4993 | D:5      | Found a shimmering blue altar of Sif Muna.
  5231 | D:5      | Noticed Prince Ribbit
  5244 | D:5      | Killed Prince Ribbit
  5245 | D:5      | Reached skill level 3 in Unarmed Combat
  5317 | D:5      | Reached skill level 4 in Unarmed Combat
  5546 | D:6      | Gained mutation: You frequently emit foul miasma when
                  | damaged in melee. [demonic ancestry]
  5546 | D:6      | Reached XP level 8. HP: 48/60 MP: 8/8
  5651 | Abyss:1  | Cast into level 1 of the Abyss (orc wizard)
  5652 | Abyss:1  | Reached skill level 5 in Unarmed Combat
  5680 | Abyss:1  | Found a corrupted altar of Lugonu.
  5786 | Abyss:1  | Noticed a deep elf sorcerer
  5833 | Abyss:2  | Noticed a large abomination
  5835 | Abyss:2  | Noticed an ancient zyme
  5890 | Abyss:2  | Noticed a worldbinder
  5891 | Abyss:2  | Noticed a vault sentinel
  5891 | Abyss:2  | Noticed an ironbound thunderhulk
  5891 | Abyss:2  | Noticed a vault sentinel
  5893 | Abyss:2  | Found a corrupted altar of Lugonu.
  5896 | Abyss:2  | Noticed an apocalypse crab
  5897 | Abyss:2  | Found a corrupted altar of Lugonu.
  5902 | Abyss:2  | Noticed an ironbound thunderhulk
  5906 | Abyss:2  | Fell from the grace of Gozag
  5906 | Abyss:2  | Became a worshipper of Lugonu the Unformed
  5906 | Abyss:2  | Reached * piety under Lugonu
  5906 | Abyss:2  | Reached ** piety under Lugonu
  5907 | D:6      | Escaped the Abyss
  6140 | D:6      | Reached skill level 6 in Unarmed Combat
  6576 | D:6      | Found a burning altar of Makhleb.
  6585 | D:6      | Found a basalt altar of Yredelemnul.
  6588 | D:6      | Found a stormy altar of Qazlal.
  6590 | D:6      | Found a sacrificial altar of Ru.
  6866 | D:6      | Reached skill level 7 in Unarmed Combat
  7306 | D:7      | Reached skill level 8 in Unarmed Combat
  7306 | D:7      | Reached XP level 9. HP: 65/65 MP: 9/9
  7394 | D:7      | Noticed a boulder beetle
  7420 | D:7      | Killed a boulder beetle
  7421 | D:7      | Reached skill level 9 in Unarmed Combat
  7934 | D:7      | HP: 1/65 [killer bee (7)]
  7935 | D:7      | Succumbed to a killer bee's poison

Illustrated notes

Levels and vault maps discovered:
D:1:      dpeg_arrival_castle, layout_basic,
          shapermc_ecumenical_altar_mp_ritualfount,
          chequers_serial_rivers_micro_a, serial_bayou_crossing
D:2:      layout_basic, basic_altar, columned_hall_lemuel, minmay_misc_feat_iff
D:3:      layout_basic, serial_shops, nicolae_shop_overgrown_old_shop,
          shop_fountains, nicolae_shop_stone, minmay_surrounded
D:4:      dreamdust_elfheim, layout_loops_ring
D:5:      layout_loops_corners, grunt_temple_overflow_magic_moments,
          minmay_temple_entry_slanted, uniq_prince_ribbit1
D:6:      layout_rooms, nicolae_overflow_hallway_of_the_gods
D:7:      layout_basic, minmay_door_square

Skill      XL: |  1  2  3  4  5  6  7  8  9 |
---------------+----------------------------+-----
Stealth        | 1 |  1.5
Fighting       | 3 4 |  4.0
Maces & Flails | 2 3 5 6 |  6.0
Unarmed Combat | 4 8 9 |  9.7
Short Blades   | |  2.6
Throwing       | |  1.7
Dodging        | |  2.6

Action                     |  1- 3 |  4- 6 |  7- 9 || total
---------------------------+-------+-------+-------++-------
  Melee: Rapier            |    66 |       |       ||    66
         Mace              |    54 |   133 |   249 ||   436
         Punch             |     1 |     1 |    12 ||    14
  Throw: Throwing net      |       |     1 |     2 ||     3
         Javelin           |       |     1 |       ||     1
 Invoke: Depart the Abyss  |       |       |     1 ||     1
    Use: Scroll            |     9 |     5 |     1 ||    15
         Potion            |     1 |     2 |     2 ||     5
   Stab: Distracted        |     1 |       |     1 ||     2
         Sleeping          |     1 |     1 |       ||     2
 Armour: Leather armour    |    50 |    71 |   126 ||   247
  Dodge: Dodged            |   113 |   114 |   138 ||   365
  Block: Other             |       |    13 |    64 ||    77
         Reflection        |       |     1 |     3 ||     4

Table legend: (Time is in decaauts)
 A = Elapsed time spent in this place.
 B = Non-inter-level travel time spent in this place.
 C = Inter-level travel time spent in this place.
 D = Time resting spent in this place.
 E = Time spent auto-exploring this place.
 F = Levels seen in this place.
 G = Mean time per level.
                   A        B        C        D        E       F      G
               +--------+--------+--------+--------+--------+-----+--------+
         Total |   8018 |   7603 |    415 |   1828 |   4570 |   9 |  890.9 |
       Dungeon |   7766 |   7351 |    415 |   1758 |   4542 |   7 | 1109.4 |
         Abyss |    252 |    252 |      0 |     70 |     28 |   2 |  126.0 |
               +--------+--------+--------+--------+--------+-----+--------+

Top non-repeatable levels by time:
     D:5: 1615 daAuts
     D:6: 1183 daAuts
     D:2: 1081 daAuts
     D:3: 1054 daAuts
     D:1: 996 daAuts
     D:7: 969 daAuts
     D:4: 866 daAuts
 Abyss:1: 139 daAuts
 Abyss:2: 112 daAuts
